 Dungeon Crawl Stone Soup version 0.32-a0-630-g46d191b0ed (webtiles) character file.

Game seed: 39768042280886186

94497 Pooter the Severer (level 15, -3/133 (143) HPs)
             Began as a Minotaur Berserker on Mar 6, 2024.
             Was a High Priest of Trog.
             Slain by a fire elemental (4 damage)
             ... summoned by a deep elf pyromancer
             ... on level 14 of the Dungeon.
             The game lasted 02:16:55 (30564 turns).

Pooter the Severer (Minotaur Berserker)            Turns: 30564, Time: 02:16:55

HP:   -3/133 (143)  AC: 17    Str: 33    XL:     15   Next: 63%
MP:   23/23         EV:  8    Int: 12    God:    Trog [*****.]
Gold: 1828          SH: 10    Dex: 17    Spells: 14/14 levels left

rFire   + . .        a - +0 broad axe (heavy)
rCold   . . .        y - +0 kite shield
rNeg    . . .        O - +2 plate armour {rF+}
rPois   .            (helmet restricted)
rElec   .            R - +0 cloak "Anynutt" {Str+3}
rCorr   .            o - +0 pair of gloves
SInv    .            Y - +0 pair of boots
Will    ++...        J - amulet of regeneration Stlth
                     E - +6 ring of strength
HPRegen 1.22/turn    v - ring "Isobek" {Will+ MP+9 Int+6 Dex+4}
MPRegen 0.18/turn

%: no passive effects
@: on fire, on berserk cooldown, slowed, glowing, drained, very slow
A: horns 2, retaliatory headbutt
a: Renounce Religion, Berserk, Trog's Hand, Brothers in Arms


You were on level 14 of the Dungeon.
You worshipped Trog.
Trog was extremely pleased with you.
You visited 3 branches of the dungeon, and saw 21 of its levels.

You collected 2646 gold pieces.
You spent 818 gold pieces at shops.

Inventory:

Hand Weapons
 a - a +0 heavy broad axe (weapon)
   (You acquired it on level 4 of the Dungeon)
 b - a +4 hand cannon of flaming
   (You took it off a kobold blastminer on level 2 of the Orcish Mines)
 q - a +2 battleaxe of flaming
   (You acquired it on level 3 of the Dungeon)
 K - a +3 battleaxe of draining
   (You took it off an orc knight on level 1 of the Orcish Mines)
 S - a +2 executioner's axe of freezing
   (Trog gifted it to you on level 5 of the Lair of Beasts)
Missiles
 l - 25 boomerangs (quivered)
 w - 4 silver javelins
 B - a curare-tipped dart
 V - 4 datura-tipped darts
 X - 5 javelins
Armour
 o - a +0 pair of gloves (worn)
   (You found it on level 2 of the Dungeon)
 x - an orb of mayhem
   (You took it off a hobgoblin on level 3 of the Dungeon)
 y - a +0 kite shield (worn)
   (You took it off an orc warlord on level 1 of the Orcish Mines)
 I - +0 acid dragon scales
   (You found it on level 6 of the Dungeon)
 O - a +2 plate armour of fire resistance (worn)
   (You took it off an orc warrior on level 1 of the Orcish Mines)
 R - the +0 cloak "Anynutt" (worn) {Str+3}
   (You found it on level 1 of the Lair of Beasts)

   Str+3:     It affects your strength (+3).
 Y - a +0 pair of boots (worn)
   (You found it on level 3 of the Lair of Beasts)
 Z - a +4 chain mail of poison resistance
   (You took it off an orc warlord on level 2 of the Orcish Mines)
Jewellery
 d - an amulet of reflection
   (You found it on level 1 of the Dungeon)
 v - the ring "Isobek" (right hand) {Will+ MP+9 Int+6 Dex+4}
   (You found it on level 9 of the Dungeon)

   [ring of intelligence]

   Int+6:     It affects your intelligence (+6).
   Dex+4:     It affects your dexterity (+4).
   Will+:     It increases your willpower.
   MP+9:      It affects your magic capacity (+9).
 E - a +6 ring of strength (left hand)
   (You found it on level 1 of the Lair of Beasts)
 F - a ring of protection from fire
   (You found it on level 12 of the Dungeon)
 J - an amulet of regeneration (around neck)
   (You found it on level 8 of the Dungeon)
 N - a ring of positive energy
   (You found it on level 3 of the Dungeon)
 P - a ring of poison resistance
   (You found it on level 4 of the Lair of Beasts)
Wands
 f - a wand of flame (9)
   (You found it on level 10 of the Dungeon)
 u - a wand of paralysis (13)
   (You found it on level 12 of the Dungeon)
 D - a wand of digging (8)
   (You found it on level 3 of the Lair of Beasts)
 M - a wand of quicksilver (4)
   (You took it off Joseph on level 8 of the Dungeon)
Scrolls
 e - a scroll of silence
 h - 3 scrolls of revelation
 i - 3 scrolls of identify {@r1}
 j - 4 scrolls of blinking
 k - 2 scrolls of fog
 m - 4 scrolls of vulnerability {!r}
 p - 2 scrolls of butterflies
 t - 3 scrolls of teleportation {@r4}
 z - 2 scrolls of immolation {!r}
 C - 3 scrolls of noise {!r}
 H - 4 scrolls of fear
Potions
 c - 5 potions of heal wounds {@q2}
 g - 3 potions of mutation {!q}
 n - 2 potions of invisibility
 r - a potion of resistance
 s - 3 potions of cancellation
 A - 3 potions of might
 G - 6 potions of curing {@q1}
 L - 3 potions of enlightenment
 U - 2 potions of haste {@q3}
 W - 3 potions of attraction {!q}
Miscellaneous
 Q - a phantom mirror
   (You found it on level 2 of the Orcish Mines)
 T - a sack of spiders
   (You found it on level 5 of the Lair of Beasts)


   Skills:
 + Level 15.8 Fighting
 + Level 20.6 Axes
 * Level 16.9 Ranged Weapons
 + Level 4.4 Throwing
 + Level 4.9 Armour
 - Level 2.1 Dodging
 + Level 4.1 Shields
 + Level 6.4 Evocations


You had 14 spell levels left.
You didn't know any spells.
Your spell library was empty.

Dungeon Overview and Level Annotations

Branches:
Dungeon (14/15) Zot: 26742  Temple (0/1) D:4            Lair (5/5) D:10 Zot: 19115
 Shoals (0/4) Lair:2       Spider (0/4) Lair:2        Slime (0/5) Lair:5
    Orc (2/2) D:11 Zot: 5433     Elf (0/3) Orc:2        Vaults (0/5) D:13

Altars:
Ashenzari
Cheibriados
Dithmenos
Elyvilon
Fedhas
Gozag
Hepliaklqana
Kikubaaqudgha
Nemelex Xobeh
Trog
Uskayaw
Vehumet
Yredelemnul
Zin
The Shining One
Beogh
Jiyva

Shops:
D:8 (   D:10 :   D:12 [   Orc:1 :   Orc:2 !:??

Portals:
Trove: D:14 (give 11 potions of heal wounds)

Annotations:
D:13 2 transporters


Innate Abilities, Weirdness & Mutations

You have a pair of horns on your head.
You reflexively headbutt those who attack you in melee.


Message History

You are covered in intense liquid fire!
You hear an angry hiss.
Unknown command.
You open the deep elf zephyrmancer like a pillowcase!!!
You kill the deep elf zephyrmancer!
Trog accepts your kill.
Trog appreciates your killing of a magic user.
The liquid fire burns you!
* * * LOW HITPOINT WARNING * * *
The deep elf pyromancer hits you but does no damage.
You slash the deep elf pyromancer! You headbutt the deep elf pyromancer!
The liquid fire burns you!
* * * LOW HITPOINT WARNING * * *
The deep elf pyromancer casts a spell.
You closely miss the deep elf pyromancer.
Your headbutt misses the deep elf pyromancer.
You hit the fire elemental but do no damage.
The liquid fire burns you!
* * * LOW HITPOINT WARNING * * *
The deep elf pyromancer hits you with a +0 long sword.
* * * LOW HITPOINT WARNING * * *
The fire elemental hits you. The fire elemental burns you! You resist.
* * * LOW HITPOINT WARNING * * *
The deep elf pyromancer hits you with a +0 long sword.
* * * LOW HITPOINT WARNING * * *
The fire elemental closely misses you. You furiously retaliate!
You headbutt the fire elemental!
You're still recovering from your berserk rage.
Unknown command.
Unknown command.
You slash the deep elf pyromancer! You miss the fire elemental.
The liquid fire burns you!
* * * LOW HITPOINT WARNING * * *
The fire elemental hits you. The fire elemental burns you! You resist.
* * * LOW HITPOINT WARNING * * *
The deep elf pyromancer hits you with a +0 long sword.
* * * LOW HITPOINT WARNING * * *
The fire elemental hits you. The fire elemental burns you! You resist.
* * * LOW HITPOINT WARNING * * *
The deep elf pyromancer mumbles some strange words.
The deep elf pyromancer blinks!
You shake off some of the fire as you move.
The liquid fire burns you!
* * * LOW HITPOINT WARNING * * *
The fire elemental hits you. The fire elemental burns you! You resist.
* * * LOW HITPOINT WARNING * * *
The deep elf pyromancer points at you and mumbles some strange words.
The bolt of fire misses you. The fire elemental hits you.
The fire elemental burns you! You resist.
You die...

**,,,*......####.###...♣P.~~~
**,,,**#..?.....#.####...P~~⌠~
**,,,,,*#...........##...PP.~~~
*,,,,,,,......#.?.....#..P♣♣.~,
*,,,,,,,,..)..........#..♣♣♣P♣,
**,,,,,*,,,.....#)........♣$..,
***,,,****,,#..#.)...<.......,
*,,** **###E).))..........,
**** ##E@#..............,
*#○..##...##........,
*#...##....##.#......,
*#..e##.....#..#......,
*#...##................,
#...##...##.......P.P.P,
#∩.##...#*......,,*,****
###*#...**#.....,,,,,**,
******,,*,,,,,,,,,,,+,⌠


You could see a deep elf pyromancer and 2 fire elementals.

Vanquished Creatures
  3 orc warlords
  Nessos (Orc:2)
  A dire elephant (Lair:5)
  An ettin (Orc:2)
  Josephine (Orc:1)
  4 vault guards (D:13)
  3 catoblepae
  3 boulder beetles
  6 hydras
  2 centaur warriors (D:13)
  3 two-headed ogres
  3 death yaks (Lair:5)
  A deep troll shaman (Lair:5)
  A vampire mage (D:12)
  5 orc high priests
  8 skeletal warriors
  2 skysharks (Lair:5)
  An arcanist (D:13)
  11 orc knights
  A deep elf pyromancer (D:13)
  3 cyclopes
  6 ugly things
  11 orc sorcerers
  2 oklob plants (D:10)
  A deep elf zephyrmancer (D:14)
  5 black mambas
  A black mamba (shapeshifter) (D:13)
  10 elephants
  A merfolk siren (Lair:2)
  6 slime creatures (D:13)
  Joseph (D:8)
  4 kobold blastminers (Orc:2)
  3 gargoyles
  7 cane toads
  2 unseen horrors
  3 rime drakes
  Jeremiah (D:8)
  A tengu conjurer (D:13)
  A kobold demonologist (D:13)
  10 komodo dragons
  7 trolls
  3 merfolk (Lair:2)
  A hornet (D:9)
  4 polar bears
  Grinder (D:4)
  14 blink frogs
  5 dream sheep (Lair:5)
  7 wraiths
  8 vampires
  55 yaks
  A shadow (D:12)
  5 wyverns
  3 basilisks
  10 wargs
  13 vampire mosquitoes
  4 steam dragons
  Menkaure (D:4)
  4 acid dragons
  6 water moccasins
  An ice beast (D:5)
  39 orc warriors
  7 black bears
  11 ogres
  21 wolves
  9 centaurs
  A phantom (D:6)
  3 kobold brigands
  10 bullfrogs
  A gnoll sergeant (D:6)
  A scorpion (D:5)
  10 killer bees
  2 electric eels (Lair:5)
  2 howler monkeys
  2 bombardier beetles
  A hound (D:4)
  6 jellies
  29 orc priests
  A sleepcap (D:7)
  Jessica (D:2)
  14 iguanas
  27 orc wizards
  14 hell rats
  A statue (D:10)
  4 gnolls (D:6)
  5 adders
  3 white imps
  2 ufetubi (D:6)
  2 dart slugs
  2 ribbon worms (D:2)
  77 orcs
  4 ball pythons
  3 bats
  2 endoplasms (D:2)
  4 giant cockroaches
  12 goblins
  13 hobgoblins
  17 kobolds
  3 quokkas
  19 frilled lizards
  6 rats
684 creatures vanquished.

Vanquished Creatures (collateral kills)
  2 orc warriors (Orc:1)
2 creatures vanquished.

Vanquished Creatures (others)
  An orc wizard (Orc:2)
1 creature vanquished.

Grand Total: 687 creatures vanquished

Notes
Turn   | Place    | Note
-------+----------+-------------------------------------------
     0 | D:1      | Pooter the Minotaur Berserker began the quest for the Orb.
     0 | D:1      | Reached XP level 1. HP: 19/19 MP: 0/0
   170 | D:1      | Reached skill level 4 in Axes
   203 | D:1      | Reached XP level 2. HP: 27/27 MP: 1/1
   763 | D:2      | Reached XP level 3. HP: 33/33 MP: 2/2
   837 | D:2      | Found a snail-covered altar of Cheibriados.
   960 | D:2      | Reached skill level 5 in Axes
  1025 | D:2      | Reached ** piety under Trog
  1240 | D:2      | Noticed Jessica
  1244 | D:2      | Killed Jessica
  1245 | D:2      | Reached XP level 4. HP: 41/41 MP: 3/3
  1881 | D:3      | Found a hazy altar of Hepliaklqana.
  1882 | D:3      | Found a shadowy altar of Dithmenos.
  1884 | D:3      | Noticed a shadow
  1891 | D:3      | Identified a scroll of acquirement
  1892 | D:3      | Acquired a +1 battleaxe of flaming
  2398 | D:4      | Acquired a +0 heavy broad axe
  2490 | D:4      | Noticed Menkaure
  2501 | D:4      | Killed Menkaure
  2502 | D:4      | Reached skill level 5 in Fighting
  2502 | D:4      | Reached skill level 6 in Axes
  2502 | D:4      | Reached XP level 5. HP: 32/48 MP: 4/4
  2658 | D:4      | Identified the +0 short sword of Waty Otyul {vamp, Int+3
                  | Dex+3}
  2770 | D:4      | Found a white marble altar of Elyvilon.
  2956 | D:4      | Noticed Grinder
  2972 | D:4      | Paralysed by Grinder for 5 turns
  2987 | D:4      | Paralysed by Grinder for 4 turns
  2992 | D:4      | Killed Grinder
  2993 | D:4      | Reached XP level 6. HP: 49/56 MP: 5/5
  3021 | D:4      | Found a staircase to the Ecumenical Temple.
  3046 | D:4      | Reached skill level 7 in Axes
  3327 | D:5      | Entered Level 5 of the Dungeon
  3501 | D:5      | Reached XP level 7. HP: 41/62 MP: 6/6
  3671 | D:5      | Reached skill level 8 in Axes
  4082 | D:6      | Noticed a steam dragon
  4084 | D:6      | Killed a steam dragon
  4134 | D:6      | Reached skill level 9 in Axes
  4260 | D:6      | Reached XP level 8. HP: 71/71 MP: 7/7
  4552 | D:6      | HP: 4/109 [acid dragon (11)]
  4554 | D:6      | Reached skill level 10 in Axes
  4865 | D:6      | Found a glowing golden altar of the Shining One.
  5574 | D:7      | Reached skill level 11 in Axes
  5815 | D:7      | Reached XP level 9. HP: 82/82 MP: 8/8
  5878 | D:7      | Found a glowing silver altar of Zin.
  6157 | D:7      | Found an opulent altar of Gozag.
  6187 | D:7      | Reached *** piety under Trog
  6397 | D:8      | Reached skill level 12 in Axes
  6470 | D:8      | Found a blossoming altar of Fedhas.
  6511 | D:8      | Found Gaap's Weapon Shop.
  6554 | D:8      | Noticed Jeremiah
  6562 | D:8      | Killed Jeremiah
  7211 | D:8      | Noticed Joseph
  7228 | D:8      | Killed Joseph
  7878 | D:9      | Paralysed by a hornet for 3 turns
  7882 | D:9      | Reached skill level 13 in Axes
  7883 | D:9      | Reached skill level 5 in Ranged Weapons
  8292 | D:9      | Reached skill level 10 in Fighting
  8300 | D:9      | Reached XP level 10. HP: 43/93 MP: 9/9
  8794 | D:9      | Found a hide-covered altar of Uskayaw.
  8794 | D:9      | Found a sparkling altar of Nemelex Xobeh.
  8870 | D:9      | Identified the ring "Isobek" {Will+ MP+9 Int+6 Dex+4}
  9011 | D:9      | Found an ancient bone altar of Kikubaaqudgha.
  9127 | D:10     | Entered Level 10 of the Dungeon
  9171 | D:10     | Found a radiant altar of Vehumet.
  9249 | D:10     | Found a broken altar of Ashenzari.
  9369 | D:10     | Found a bloodstained altar of Trog.
  9398 | D:10     | Found a staircase to the Lair.
  9399 | D:10     | Noticed an oklob plant
  9399 | D:10     | Noticed an oklob plant
  9435 | D:10     | Reached skill level 14 in Axes
  9448 | D:10     | Killed an oklob plant
  9452 | D:10     | Killed an oklob plant
  9571 | D:10     | Found Omist's Tremendous Tomes.
  9671 | D:10     | Noticed a boulder beetle
  9691 | D:10     | Killed a boulder beetle
 10050 | Lair:1   | Entered Level 1 of the Lair of Beasts
 10097 | Lair:1   | Reached XP level 11. HP: 90/102 MP: 10/10
 10113 | Lair:1   | Reached skill level 15 in Axes
 11345 | Lair:1   | Identified the +0 cloak "Anynutt" {Str+3}
 11687 | Lair:1   | Reached **** piety under Trog
 11697 | Lair:1   | Reached skill level 10 in Ranged Weapons
 12122 | Lair:1   | Reached skill level 16 in Axes
 13028 | Lair:2   | Found a hole to the Spider Nest.
 13033 | Lair:2   | Identified the +12 rapier of Mana {chaos, rPois rC+ SInv}
 13054 | Lair:2   | Reached XP level 12. HP: 100/112 MP: 11/11
 13076 | Lair:2   | Found a staircase to the Shoals.
 13688 | Lair:3   | Reached skill level 17 in Axes
 13855 | Lair:3   | Noticed a six-headed hydra
 13864 | Lair:3   | Killed a three-headed hydra
 14832 | Lair:4   | Noticed a boulder beetle
 14836 | Lair:4   | Noticed a five-headed hydra
 14840 | Lair:4   | Killed a boulder beetle
 14845 | Lair:4   | Killed a three-headed hydra
 14932 | Lair:4   | Noticed an eight-headed hydra
 14945 | Lair:4   | Killed a five-headed hydra
 15143 | Lair:4   | Noticed a five-headed hydra
 15157 | Lair:4   | Killed a one-headed hydra
 15574 | Lair:5   | Entered Level 5 of the Lair of Beasts
 15580 | Lair:5   | Reached skill level 18 in Axes
 15584 | Lair:5   | Noticed an eight-headed hydra
 15592 | Lair:5   | Killed a six-headed hydra
 15593 | Lair:5   | Reached XP level 13. HP: 78/122 MP: 12/12
 15883 | Lair:5   | Reached ***** piety under Trog
 15966 | Lair:5   | Reached skill level 1 in Evocations
 16177 | Lair:5   | Received a gift from Trog
 16486 | Lair:5   | Found a staircase to the Slime Pits.
 16673 | Lair:5   | Found a viscous altar of Jiyva.
 19721 | Lair:5   | Reached skill level 19 in Axes
 20114 | Lair:5   | Noticed a dire elephant
 20264 | Lair:5   | Killed a dire elephant
 21233 | D:11     | Reached XP level 14. HP: 133/133 MP: 13/13
 21559 | D:11     | Found a roughly hewn altar of Beogh.
 21559 | D:11     | Found a staircase to the Orcish Mines.
 21779 | Orc:1    | Entered Level 1 of the Orcish Mines
 21938 | Orc:1    | Noticed Josephine
 21949 | Orc:1    | Killed Josephine
 21984 | Orc:1    | Found Cemn's Book Shop.
 22025 | Orc:1    | Noticed an orc warlord
 22049 | Orc:1    | Killed an orc warlord
 22050 | Orc:1    | Reached skill level 15 in Ranged Weapons
 22430 | Orc:1    | Found a roughly hewn altar of Beogh.
 22627 | Orc:2    | Entered Level 2 of the Orcish Mines
 22649 | Orc:2    | Reached skill level 20 in Axes
 22690 | Orc:2    | Noticed Nessos
 22783 | Orc:2    | Killed Nessos
 22846 | Orc:2    | Found a staircase to the Elven Halls.
 22933 | Orc:1    | Found a roughly hewn altar of Beogh.
 23792 | Orc:2    | Found Meneb's Distillery.
 24422 | Orc:2    | Reached skill level 5 in Evocations
 24703 | Orc:2    | Reached skill level 1 in Throwing
 25023 | Orc:2    | Reached skill level 15 in Fighting
 26796 | Orc:2    | Noticed an orc warlord
 26927 | Orc:1    | Killed an orc warlord
 27456 | Orc:2    | Found Osmeocs's Book Shoppe.
 27471 | Orc:2    | Paralysed by an orc sorcerer for 4 turns
 27622 | Orc:2    | Found Sierephejo's Magic Scroll Shop.
 27628 | Orc:2    | Bought a scroll of identify for 28 gold pieces
 27628 | Orc:2    | Bought a scroll of enchant weapon for 105 gold pieces
 27628 | Orc:2    | Bought a scroll of identify for 28 gold pieces
 27629 | Orc:2    | Found Ceuj Yra's Magic Scroll Shop.
 27637 | Orc:2    | Bought a scroll of enchant weapon for 120 gold pieces
 27637 | Orc:2    | Bought a scroll of blinking for 120 gold pieces
 27637 | Orc:2    | Bought a scroll of identify for 32 gold pieces
 27642 | Orc:2    | Bought 2 potions of curing for 66 gold pieces
 27642 | Orc:2    | Bought 2 potions of heal wounds for 110 gold pieces
 27642 | Orc:2    | Bought a potion of curing for 33 gold pieces
 27642 | Orc:2    | Bought a potion of curing for 33 gold pieces
 27642 | Orc:2    | Bought a potion of invisibility for 88 gold pieces
 27642 | Orc:2    | Bought a potion of enlightenment for 55 gold pieces
 27683 | Orc:2    | Reached skill level 1 in Shields
 27827 | Orc:2    | Noticed an orc warlord
 27829 | Orc:2    | Identified the ring "Birao" {^Drain *Slow rElec rPois
                  | Int+9}
 27843 | Orc:2    | Killed an orc warlord
 28066 | Orc:2    | Reached XP level 15. HP: 115/137 MP: 14/14
 28424 | D:12     | Found a basalt altar of Yredelemnul.
 28510 | D:12     | Found Qaram's Armour Shop.
 29387 | D:13     | Found a transporter.
 29453 | D:13     | Found a transporter.
 29577 | D:13     | Identified the +6 mace "Kugh" {flame, rElec Int+6}
 29597 | D:13     | Found a gate to the Vaults.
 29784 | D:13     | Identified the +5 falchion "Taeklaq" {freeze, *Noise rElec
                  | Int+6 Dex-5}
 30551 | D:14     | Found a portal to a secret trove of treasure.
 30564 | D:14     | HP: 4/133 [burnt (3)]
 30564 | D:14     | HP: 1/133 [fire elemental[a deep elf pyromancer] (4)]
 30564 | D:14     | Slain by a fire elemental

Illustrated notes

Levels and vault maps discovered:
D:1:      lemuel_arrival_cross, layout_basic, kennysheep_another_room
D:2:      layout_loops_ring, basic_altar, hangedman_glass_teeth, uniq_jessica
D:3:      layout_loops_ring, riverfiend_overflow_shadow_ancestor,
          serial_bayou_lagoon_a
D:4:      layout_gridville, nicolae_elyvilon_peaceful_grove, temple_doors_e,
          minmay_goblin_outpost, uniq_grinder, uniq_menkaure
D:5:      layout_loops_ring
D:6:      layout_gridville, old_standard_altar
D:7:      layout_loops_ring, pdpol_temple_overflow_zin_treasury_gozag_greed,
          corexii_corridor_pit
D:8:      layout_layer_cave, mainiacjoe_overflow_brackets, serial_shops,
          shop_coins, uniq_joseph, uniq_jeremiah
D:9:      layout_rooms, kiku_gazebo_pond_becter, gammafunk_temple_overflow_wave
D:10:     layout_irregular_city, vehumet_statue, trog_three_pillars_becter,
          lemuel_doored_altar, dpeg_oklobed_lair, serial_glass, glass_columns_b,
          glass_columns_c, minivault_20, nicolae_shop_i_like_big_books,
          minmay_parallelograms
D:11:     layout_loops_ring, david_orc_5
D:12:     layout_stronghold, serial_shops, shop, minivault_26,
          nicolae_nh_vlads_tower
D:13:     gammafunk_sealed_arena, layout_grid_maze,
          lightli_vaults_fourway_checkpoint
D:14:     layout_cave_pools, serial_park_square1 [serial_park_minivault_5x5_2],
          gauntlet_entry_generic, nicolae_trove_entry_diagonal, serial_park,
          serial_park_tiny_1, serial_park_tiny_2, serial_park_square3
          [serial_park_minivault_5x5_6], serial_park_gazebo
          [serial_park_minivault_5x5_3], columned_hall_lemuel
Lair:1:   lemuel_reptile_caves, layout_layer_cave
Lair:2:   layout_regular_city, elwin_shoals_entry_stream,
          spider_nest_entry_web_field, lemuel_fruit_tree, lemuel_fruit_fields
Lair:3:   layout_chaotic_city, beast_lair_carwin_8
Lair:4:   layout_hall_layers
Lair:5:   grunt_lair_end_beastmaster, layout_big_grid,
          nicolae_slime_entry_field_trip, serial_bayou_lagoon_b
Orc:1:    orc_temple, layout_diamond_mine, basic_altar, serial_shops, shop,
          uniq_josephine
Orc:2:    st_orc_elflike, layout_caves, special_room, minmay_orc_treasury,
          uniq_nessos

Skill      XL: |  1  2  3  4  5  6  7  8  9 10 11 12 13 14 15 |
---------------+----------------------------------------------+-----
Axes           | 4 5 6 7 9 11 13 14 16 18 19 20 | 20.6
Fighting       | 4 5 6 8 10 11 12 13 14 15 | 15.8
Ranged Weapons | 2 3 5 8 10 13 14 16 | 16.9
Evocations     | 3 5 6 |  6.4
Throwing       | 2 4 |  4.4
Shields        | 1 4 |  4.1
Armour         | 3 4 |  4.9
Dodging        | |  2.1

Action                     |  1- 3 |  4- 6 |  7- 9 | 10-12 | 13-15 || total
---------------------------+-------+-------+-------+-------+-------++-------
  Melee: Hand axe          |   103 |    11 |       |       |       ||   114
         Headbutt          |     8 |    10 |    17 |    69 |   104 ||   208
         Broad axe         |       |    41 |       |    29 |   604 ||   674
         Battleaxe         |       |    12 |   130 |   273 |     3 ||   418
         Rapier            |       |       |       |    13 |       ||    13
   Fire: Sling             |       |    34 |    14 |       |       ||    48
         Arbalest          |       |       |     1 |   155 |   156 ||   312
         Hand cannon       |       |       |       |       |   130 ||   130
  Throw: Dart              |     5 |       |       |       |       ||     5
         Boomerang         |       |       |       |    20 |    21 ||    41
         Javelin           |       |       |       |       |     2 ||     2
 Invoke: Berserk           |       |     1 |     8 |     8 |    23 ||    40
         Trog's Hand       |       |     1 |     7 |     8 |    29 ||    45
  Evoke: Wand              |       |       |     1 |     2 |    19 ||    22
         Sack of spiders   |       |       |       |       |     1 ||     1
    Use: Scroll            |     1 |     7 |    12 |    11 |    19 ||    50
         Potion            |       |       |       |       |     1 ||     1
   Stab: Sleeping          |     4 |       |       |       |       ||     4
         Paralysed         |       |       |     2 |     2 |     2 ||     6
 Armour: Animal skin       |    29 |       |       |       |       ||    29
         Chain mail        |       |    56 |    47 |       |       ||   103
         Ring mail         |       |     3 |       |       |       ||     3
         Acid dragon scale |       |       |    88 |     5 |       ||    93
         Plate armour      |       |       |    22 |   433 |   777 ||  1232
  Dodge: Dodged            |    50 |    31 |    62 |   168 |   244 ||   555
  Block: Other             |    19 |    17 |    21 |       |       ||    57
         Reflection        |     2 |     1 |       |       |       ||     3
         Kite shield       |       |       |       |       |   125 ||   125

Table legend: (Time is in decaauts)
 A = Elapsed time spent in this place.
 B = Non-inter-level travel time spent in this place.
 C = Inter-level travel time spent in this place.
 D = Time resting spent in this place.
 E = Time spent auto-exploring this place.
 F = Levels seen in this place.
 G = Mean time per level.
                   A        B        C        D        E       F      G
               +--------+--------+--------+--------+--------+-----+--------+
         Total |  31298 |  30221 |   1077 |  12554 |  12627 |  21 | 1490.4 |
       Dungeon |  13847 |  13267 |    580 |   2429 |   8625 |  14 |  989.1 |
          Lair |  10884 |  10484 |    400 |   5680 |   3267 |   5 | 2176.8 |
  Orcish Mines |   6566 |   6470 |     96 |   4445 |    735 |   2 | 3283.0 |
               +--------+--------+--------+--------+--------+-----+--------+

Top non-repeatable levels by time:
  Lair:5: 5140 daAuts
   Orc:2: 4886 daAuts
  Lair:1: 2711 daAuts
   Orc:1: 1680 daAuts
     D:8: 1591 daAuts
     D:6: 1476 daAuts
    D:13: 1301 daAuts
     D:9: 1285 daAuts
    D:12: 1084 daAuts
    D:11: 1067 daAuts
  Lair:3: 1044 daAuts
  Lair:2: 1024 daAuts
     D:4: 991 daAuts
    D:10: 981 daAuts
  Lair:4: 963 daAuts
